 Dungeon Crawl Stone Soup version 0.28.0-53-g5a82cb258f (webtiles) character file.

Game seed: 1913051512033554782

826 RobertSmithOfTheCure the Cleaver (level 7, -3/41 HPs)
             Began as a Gargoyle Fighter on Aug 14, 2022.
             Slain by a killer bee (5 damage)
             ... on level 5 of the Dungeon.
             The game lasted 00:16:11 (5470 turns).

RobertSmithOfTheCure the Cleaver (Gargoyle Fighter) Turns: 5470, Time: 00:16:13

Health: -3/41      AC: 17    Str: 19    XL:     7   Next: 96%
Magic:  16/16      EV:  7    Int:  9    God:
Gold:   186        SH:  4    Dex: 11    Spells: 6/6 levels left

rFire   . . .      SeeInvis .   a - +2 war axe
rCold   . . .      Faith    .   c - +0 buckler
rNeg    + . .      Spirit   .   l - +0 chain mail
rPois   ∞          Reflect  .   (no helmet)
rElec   +          Harm     .   (no cloak)
rCorr   .          Rampage  .   (no gloves)
Will    .....                   (no boots)
Stlth   ..........              (no amulet)
HPRegen 0.13/turn               i - ring of magical power
MPRegen 0.15/turn               k - +4 ring of protection

@: no status effects
A: sickness immunity, AC +4, negative energy resistance 1, electricity
resistance, torment resistance 1, petrification resistance
a: no special abilities


You were on level 5 of the Dungeon.
You visited 2 branches of the dungeon, and saw 6 of its levels.

You collected 186 gold pieces.

Inventory:

Hand Weapons
 a - a +2 war axe (weapon)
 g - a +0 hunting sling
 j - a +2 short sword of venom
Missiles
 b - 19 arrows
 d - 3 boomerangs
 h - 155 stones (quivered)
Armour
 c - a +0 buckler (worn)
 l - a +0 chain mail (worn)
Jewellery
 i - a ring of magical power (left hand)
 k - a +4 ring of protection (right hand)
Wands
 n - a wand of polymorph (11)
Scrolls
 m - 2 scrolls of teleportation
 o - a scroll of identify
Potions
 e - a potion of lignification {unknown}
 f - a potion of flight


   Skills:
 - Level 3.2 Fighting
 + Level 8.0 Axes
 - Level 3.2 Armour
 - Level 0.8 Dodging
 - Level 0.7 Stealth
 - Level 3.2 Shields


You had 6 spell levels left.
You didn't know any spells.
Your spell library contained the following spells:

 Spells                   Type           Power      Damage    Failure   Level
 Sting                    Tmut/Pois      0%         1d3       99%         1
 Poisonous Vapours        Pois/Air       0%         N/A       100%        2
 Conjure Flame            Conj/Fire      0%         6-21      100%        3
 Ignite Poison            Fire/Tmut/Pois 0%         N/A       100%        3
 Olgreb's Toxic Radiance  Pois           0%         N/A       100%        4
 Sticky Flame             Conj/Fire      0%         2d3       100%        4


Dungeon Overview and Level Annotations

Branches:
Dungeon (5/15)             Temple (1/1) D:4

Altars:
Ashenzari
Cheibriados
Dithmenos
Fedhas
Gozag
Ru
Sif Muna
Uskayaw
Wu Jian
Yredelemnul
The Shining One

Annotations:
D:5 Dowan, Duvessa


Innate Abilities, Weirdness & Mutations

You are immune to sickness and miasma.
Your stone body is resilient. (AC +4)
You are immune to poison.
You resist negative energy. (rN+)
You are resistant to electric shocks. (rElec)
You are resistant to unholy torment.
You are immune to petrification.


Message History

You miss the killer bee. You barely miss the killer bee.
The killer bee stings you. The killer bee closely misses you.
The killer bee barely misses you.
The killer bee stings you but does no damage.
The killer bee barely misses you.
The killer bee stings you but does no damage.
The killer bee stings you.
The killer bee stings you but does no damage. x2
You miss the killer bee. You hit the killer bee.
You barely miss the killer bee. You miss the killer bee.
The killer bee stings you but does no damage.
The killer bee barely misses you. x3; The killer bee closely misses you.
The killer bee barely misses you. You block the killer bee's attack.
The killer bee closely misses you.
The killer bee stings you but does no damage. x2
You slash the killer bee!
The killer bee is heavily wounded.
You closely miss the killer bee. You barely miss the killer bee.
You closely miss the killer bee. The killer bee barely misses you. x2
The killer bee stings you but does no damage. x2
Duvessa gestures with her weapon.
The killer bee stings you.
* * * LOW HITPOINT WARNING * * *
The killer bee stings you but does no damage. x2
You block the killer bee's attack.
The killer bee stings you but does no damage.
You hit the killer bee.
The killer bee is almost dead.
You hit the killer bee. You slash the killer bee! You miss the killer bee.
You barely miss the orc. The killer bee stings you.
* * * LOW HITPOINT WARNING * * *
The killer bee stings you but does no damage.
The killer bee stings you.
* * * LOW HITPOINT WARNING * * *
The killer bee stings you.
* * * LOW HITPOINT WARNING * * *
You block the killer bee's attack. The killer bee stings you.
* * * LOW HITPOINT WARNING * * *
The killer bee stings you.
You die...

#######################
.........e.............
..................?....
#######yy.##########....
......y@ye..# #^≈^.
.######.o.#.# #.##^^
#...#..# #§ #^^ ##### .#
#≈ ^.. .# #≈§§.( #


You could see Duvessa, Dowan, 4 killer bees and an orc.

Vanquished Creatures
  A black bear (D:4)
  A necrophage (D:4)
  A scorpion (D:4)
  5 killer bees (D:4)
  A howler monkey (D:4)
  A hound (D:4)
  2 jellies (D:4)
  A bullfrog skeleton (D:3)
  An orc wizard (D:4)
  A hound skeleton (D:4)
  6 adders
  A shadow imp (D:4)
  A white imp (D:4)
  2 dart slugs
  10 orcs
  5 ball pythons
  4 bats (D:1)
  8 endoplasms
  8 giant cockroaches
  11 goblins
  7 hobgoblins
  5 jackals
  2 quokkas
  7 frilled lizards
  4 kobolds
  10 rats
106 creatures vanquished.

Notes
Turn   | Place    | Note
-------+----------+-------------------------------------------
     0 | D:1      | RobertSmithOfTheCure the Gargoyle Fighter began the quest
                  | for the Orb.
     0 | D:1      | Reached XP level 1. HP: 14/14 MP: 1/1
    44 | D:1      | Reached skill level 2 in Axes
    88 | D:1      | Reached XP level 2. HP: 15/19 MP: 2/2
   474 | D:1      | Reached XP level 3. HP: 23/23 MP: 3/3
   526 | D:1      | Reached skill level 3 in Axes
  1116 | D:2      | Found a faded altar of an unknown god.
  1379 | D:2      | Found a blossoming altar of Fedhas.
  1570 | D:2      | Reached XP level 4. HP: 28/28 MP: 4/4
  1764 | D:3      | Reached skill level 4 in Axes
  2333 | D:3      | Reached XP level 5. HP: 32/32 MP: 5/5
  2984 | D:4      | Noticed a necrophage
  2998 | D:4      | Killed a necrophage
  2999 | D:4      | Reached skill level 5 in Axes
  2999 | D:4      | Reached XP level 6. HP: 16/37 MP: 6/6
  3804 | D:4      | Reached skill level 6 in Axes
  3932 | D:4      | Reached XP level 7. HP: 36/41 MP: 7/7
  4073 | D:4      | Reached skill level 7 in Axes
  4075 | D:4      | Found a staircase to the Ecumenical Temple.
  4079 | Temple   | Entered the Ecumenical Temple
  5443 | D:5      | Entered Level 5 of the Dungeon
  5443 | D:5      | Noticed Duvessa
  5444 | D:5      | Noticed Dowan
  5446 | D:5      | Reached skill level 8 in Axes
  5470 | D:5      | HP: 2/41 [killer bee (3)]
  5470 | D:5      | Slain by a killer bee

Illustrated notes

Levels and vault maps discovered:
D:1:      minmay_arrival_up_and_down, layout_basic
D:2:      layout_loops_ring, basic_altar, dreamdust_ecumenical_altar_statues,
          hangedman_decor_opposing, serial_bayou_pond_e, chequers_avenue
D:3:      layout_basic
D:4:      layout_loops_cross, minmay_temple_entry_mini_moons
D:5:      layout_basic, grunt_qazlal_sundering, kennysheep_mini,
          mainiacjoe_overflow_alcove_2, st_stairs_12,
          chequers_hall_statues_corner_a, corexii_corridor_pit, uniq_duvessa
Temple:   minmay_temple_curvy_loop

Skill      XL: |  1  2  3  4  5  6  7 |
---------------+----------------------+-----
Axes           | 2 3 4 5 6 8 |  8.0
Fighting       | |  3.2
Armour         | |  3.2
Dodging        | |  0.8
Stealth        | |  0.7
Shields        | |  3.2

Action                   |  1- 3 |  4- 6 |  7- 9 || total
-------------------------+-------+-------+-------++-------
Melee: War axe           |   100 |   145 |    87 ||   332
  Use: Scroll            |     4 |     3 |     2 ||     9
       Potion            |     2 |     4 |     1 ||     7
Armor: Scale mail        |    57 |    11 |       ||    68
       Chain mail        |       |    99 |    89 ||   188
Dodge: Dodged            |    45 |    39 |    55 ||   139
Block: Buckler           |    24 |    26 |    29 ||    79
